 Dungeon Crawl Stone Soup version 0.30-a0-719-gcc4359ea44 (webtiles) character file.

Game seed: 12640557020928072215

99381 Absynth the Severer (level 15, -5/143 HPs)
             Began as a Minotaur Berserker on Jan 26, 2023.
             Was the Champion of Trog.
             Slain by a spriggan defender simulacrum (12 damage)
             ... in an ice cave.
             The game lasted 00:58:13 (19252 turns).

Absynth the Severer (Minotaur Berserker)           Turns: 19252, Time: 00:58:13

Health: -5/143     AC: 24    Str: 28    XL:     15   Next: 77%
Magic:  0/4        EV: 15    Int:  4    God:    Trog [******]
Gold:   2377       SH:  0    Dex:  9    Spells: 14/14 levels left

rFire   . . .      SeeInvis +    v - +8 battleaxe of Undoing {antimagic, rF+ Dex-2 SInv}
rCold   + . .      Faith    .    (shield currently unavailable)
rNeg    . . .      Spirit   +    e - +0 swamp dragon scales
rPois   +          Reflect  .    t - +0 hat of Ymmefoch {Regen+}
rElec   .          Harm     .    P - +1 cloak {rCorr}
rCorr   +          Rampage  .    G - +0 pair of gloves
Will    +++..                    p - +2 pair of boots Stlth
                                 L - amulet of guardian spirit
HPRegen 2.23/turn                x - ring of ice
MPRegen 0.09/turn                m - +4 ring of protection

@: strong-willed, regenerating
A: horns 2, retaliatory headbutt
a: Renounce Religion, Berserk, Trog's Hand, Brothers in Arms


You were in an ice cave.
You worshipped Trog.
Trog was exalted by your worship.
You visited 3 branches of the dungeon, and saw 22 of its levels.
You also visited: Gauntlet and Ice Cave.

You collected 2823 gold pieces.
You spent 446 gold pieces at shops.

Inventory:

Hand Weapons
 a - a +5 battleaxe of flaming
 v - the +8 battleaxe of Undoing (weapon) {antimagic, rF+ Dex-2 SInv}
   (Trog gifted it to you on level 13 of the Dungeon)

   Dex:       It affects your dexterity (-2).
   rF:        It protects you from fire.
   SInv:      It lets you see invisible.
Missiles
 E - 2 throwing nets (quivered)
Armour
 e - +0 swamp dragon scales (worn)
 p - a +2 pair of boots (worn)
 t - the +0 hat of Ymmefoch (worn) {Regen+}
   (You found it in a Gauntlet)

   Regen:     It increases your rate of health regeneration.
 G - a +0 pair of gloves (worn)
 P - a +1 cloak of preservation (worn)
 V - the +0 kite shield of Egalitarianism {rPois Regen+}
   (You bought it in a shop on level 2 of the Orcish Mines)

   rPois:     It protects you from poison.
   Regen:     It increases your rate of health regeneration.
 W - a +2 cloak of willpower
Jewellery
 f - a +6 ring of strength
 m - a +4 ring of protection (right hand)
 x - a ring of ice (left hand)
 C - a ring of protection from fire
 H - a +5 ring of evasion
 K - a +5 ring of evasion
 L - an amulet of guardian spirit (around neck)
Wands
 d - a wand of mindburst (9)
 k - a wand of flame (19)
 y - a wand of roots (27)
 B - a wand of quicksilver (14)
 O - a wand of paralysis (10)
 Q - a wand of polymorph (22)
Scrolls
 c - 3 scrolls of teleportation
 h - 4 scrolls of blinking
 i - 4 scrolls of poison
 j - 2 scrolls of butterflies
 l - a scroll of enchant weapon
 q - 3 scrolls of fear
 A - 3 scrolls of identify
 F - 4 scrolls of fog
 I - a scroll of brand weapon
 J - a scroll of silence
 R - 2 scrolls of enchant armour
 T - 3 scrolls of magic mapping
Potions
 b - a potion of resistance
 g - a potion of magic
 n - 5 potions of flight
 o - 4 potions of curing
 r - 8 potions of might
 s - 4 potions of heal wounds
 u - 2 potions of invisibility
 w - 4 potions of haste
 z - 7 potions of mutation
 D - 2 potions of cancellation {unknown}


   Skills:
 - Level 15.8 Fighting
 - Level 20.0 Axes
 - Level 15.6 Armour
 - Level 14.4 Dodging
 + Level 0.3 Shields
 - Level 6.0 Evocations


You had 14 spell levels left.
You didn't know any spells.
Your spell library was empty.

Dungeon Overview and Level Annotations

Branches:
Dungeon (15/15)            Temple (0/1) D:4            Lair (5/5) D:9
 Shoals (0/4) Lair:3        Snake (0/4) Lair:3        Slime (0/5) Lair:5
    Orc (2/2) D:11            Elf (0/3) Orc:2        Vaults (0/5) D:14
 Depths (0/4) D:15          IceCv (1/1)             Gauntlet (visited)

Altars:
Ashenzari
Cheibriados
Elyvilon
Fedhas
Hepliaklqana
Kikubaaqudgha
Makhleb
Nemelex Xobeh
Okawaru
Ru
Trog
Wu Jian
Zin

Shops:
D:4 ?   D:8 (   D:9 =   D:12 [   D:15 *   Orc:1 *   Orc:2 ***![[

Annotations:
D:3 3 runed translucent doors, Jano's ghost, amateur DgHu; MoonlitKnight's ghost, amateur HOMo; Turgor's ghost, amateur VSEn; caveywoolpert's ghost, amateur DsEE
D:7 1 runed translucent door, Chingon's ghost, novice MiFi
D:11 1 exclusion


Innate Abilities, Weirdness & Mutations

You have a pair of horns on your head.
You reflexively headbutt those who attack you in melee.


Message History

You slash the minotaur simulacrum!
The minotaur simulacrum vaporises!
Trog accepts your kill. The blizzard demon gestures at you.
The bolt of cold hits you!! You resist.
The blizzard demon is engulfed in freezing vapours.
The blizzard demon gestures at you. The bolt of lightning hits you!!
* * * LOW HITPOINT WARNING * * *
Okay, then.
Okay, then.
As you read the scroll of fog, it crumbles to dust.
The scroll dissolves into smoke.
The spriggan defender simulacrum barely misses you.
The spriggan defender simulacrum hits you but does no damage.
The spriggan defender simulacrum hits you!
* * * LOW HITPOINT WARNING * * *
The spriggan defender simulacrum freezes you!
You resist.
* * * LOW HITPOINT WARNING * * *
The spriggan defender simulacrum attacks as you move away!
The spriggan defender simulacrum hits you but does no damage.
The spriggan defender simulacrum closely misses you.
The spriggan defender simulacrum attacks as you move away!
The spriggan defender simulacrum hits you but does no damage.
The spriggan defender simulacrum hits you but does no damage.
Your skin crawls.
You feel strong-willed.
The spriggan defender simulacrum hits you.
* * * LOW HITPOINT WARNING * * *
The spriggan defender simulacrum freezes you!!
You resist.
* * * LOW HITPOINT WARNING * * *
You cut the spriggan defender simulacrum into ribbons!!!
The spriggan defender simulacrum is almost destroyed.
The spriggan defender simulacrum hits you!
* * * LOW HITPOINT WARNING * * *
The spriggan defender simulacrum freezes you!
You resist.
You die...

##...⌠..#.#
####..#..#
##.##.#
####.# #.##
##.# ##..#
##..##
##@..##
#Z###.#
#2...##
##§§## ##2#
#§§# ##§##
#§§# ##§##


You could see a blizzard demon and a spriggan defender simulacrum.

Vanquished Creatures
  Kirke (Lair:3)
  A very ugly thing (IceCv)
  Nessos (Lair:4)
  Azrael (D:14)
  A minotaur (Gauntlet)
  Snorg (Lair:5)
  A blizzard demon (IceCv)
  Josephine (Lair:3)
  9 hydras
  2 boulder beetles
  2 catoblepae
  2 centaur warriors
  A merfolk avatar (Lair:5)
  6 ogre magi
  23 two-headed ogres
  8 death yaks
  2 tengu warriors
  An orc high priest (Orc:2)
  Lodul (D:12)
  A spriggan simulacrum (IceCv)
  A necromancer (Lair:5)
  An orc knight (D:14)
  9 ugly things
  An orc sorcerer (Orc:1)
  A manticore (Lair:5)
  7 cyclopes
  A merfolk siren (Lair:3)
  8 elephants
  A torpor snail (Lair:5)
  5 black mambas
  A molten gargoyle (Gauntlet)
  2 ice statues (D:15)
  2 gargoyles
  Maggie (D:7)
  11 cane toads
  2 kobold demonologists
  3 unseen horrors
  11 komodo dragons
  2 rime drakes
  3 yaktaurs (D:14)
  An efreet (D:14)
  7 ice devils (IceCv)
  An anaconda simulacrum (IceCv)
  A tengu conjurer (Gauntlet)
  5 trolls
  11 blink frogs
  A wind drake (Lair:5)
  6 polar bears
  5 dream sheep (Lair:4)
  2 snapping turtles (Lair:5)
  A centaur simulacrum (D:14)
  8 slime creatures
  49 yaks
  A vampire (D:9)
  A shadow (D:13)
  4 wraiths
  4 hogs (Lair:3)
  13 basilisks
  2 wyverns
  4 fire elementals (D:14)
  3 steam dragons
  16 vampire mosquitoes
  2 harpy simulacra (IceCv)
  4 minotaur simulacra (IceCv)
  3 nagas (Lair:3)
  2 acid dragons
  10 water moccasins
  2 swamp worms (Gauntlet)
  Duvessa (D:4)
  2 hell hounds (D:14)
  A hydra simulacrum (IceCv)
  2 ice beasts (D:7)
  2 sky beasts (D:7)
  17 orc warriors
  2 black bears
  A hornet zombie (D:8)
  3 wolves (Lair:2)
  38 ogres
  6 centaurs
  A kobold brigand (D:8)
  12 bullfrogs
  2 necrophages
  A gnoll sergeant (D:8)
  4 deep troll simulacra (IceCv)
  5 scorpions
  15 wights
  Dowan (D:4)
  5 killer bees (D:10)
  5 howler monkeys
  4 centaur zombies (D:8)
  4 hounds
  A gnoll bouda (D:6)
  A human zombie (D:8)
  13 jellies
  12 orc priests
  Crazy Yiuf (D:3)
  10 hell rats (Lair:5)
  An iguana (D:5)
  16 orc wizards
  3 polar bear simulacra (Lair:5)
  2 yak simulacra (Lair:5)
  3 wolf simulacra (Lair:5)
  A killer bee zombie (D:8)
  2 mummies (D:8)
  A howler monkey zombie (D:8)
  16 gnolls
  7 adders
  A white imp (D:3)
  2 ufetubi
  A worm (D:4)
  3 dart slugs
  59 orcs
  5 ball pythons
  8 endoplasms
  A giant cockroach (D:3)
  5 goblins
  6 hobgoblins
  8 jackals
  4 quokkas
  5 bats
  5 frilled lizards
  15 kobolds
  2 rats
  3 river rat simulacra (Lair:5)
  A butterfly (Lair:2)
666 creatures vanquished.

Vanquished Creatures (others)
  A human (Lair:3)
  A centaur (D:14)
  24 fungi
  72 plants
  2 withered plants (D:7)
100 creatures vanquished.

Grand Total: 766 creatures vanquished

Notes
Turn   | Place    | Note
-------+----------+-------------------------------------------
     0 | D:1      | Absynth the Minotaur Berserker began the quest for the Orb.
     0 | D:1      | Reached XP level 1. HP: 19/19 MP: 0/0
   183 | D:1      | Reached XP level 2. HP: 20/27 MP: 1/1
   224 | D:1      | Reached skill level 4 in Axes
   848 | D:2      | Found a white marble altar of Elyvilon.
   856 | D:2      | Reached ** piety under Trog
  1037 | D:2      | Reached XP level 3. HP: 33/33 MP: 2/2
  1657 | D:3      | Reached XP level 4. HP: 40/40 MP: 3/3
  1660 | D:3      | Found a runed translucent gate.
  1661 | D:3      | Found a runed translucent gate.
  1662 | D:3      | Found a runed translucent gate.
  1663 | D:3      | Noticed MoonlitKnight's ghost (amateur HOMo)
  1663 | D:3      | Noticed caveywoolpert's ghost (amateur DsEE)
  1665 | D:3      | Noticed Turgor's ghost (amateur VSEn)
  1666 | D:3      | Noticed Jano's ghost (amateur DgHu)
  1678 | D:3      | Found a blossoming altar of Fedhas.
  1738 | D:3      | Reached skill level 5 in Axes
  1895 | D:3      | Reached XP level 5. HP: 47/47 MP: 4/4
  1974 | D:3      | Reached *** piety under Trog
  2508 | D:3      | Found a runed translucent door.
  2509 | D:3      | Noticed Crazy Yiuf
  2517 | D:3      | Killed Crazy Yiuf
  2818 | D:4      | Found a staircase to the Ecumenical Temple.
  2918 | D:4      | Found Seonos's Magic Scroll Boutique.
  2978 | D:4      | Noticed Duvessa
  2986 | D:4      | Killed Duvessa
  2987 | D:4      | Reached XP level 6. HP: 51/55 MP: 5/5
  2988 | D:4      | Noticed Dowan
  2993 | D:4      | Killed Dowan
  2994 | D:4      | Reached skill level 5 in Fighting
  2994 | D:4      | Reached skill level 6 in Axes
  3105 | D:4      | Found a burning altar of Makhleb.
  3106 | D:4      | Found a broken altar of Ashenzari.
  3106 | D:4      | Found a sacrificial altar of Ru.
  3107 | D:4      | Found a hazy altar of Hepliaklqana.
  3181 | D:4      | Found a snail-covered altar of Cheibriados.
  3430 | D:5      | Entered Level 5 of the Dungeon
  3514 | D:5      | Reached XP level 7. HP: 54/61 MP: 6/6
  3545 | D:5      | Reached skill level 7 in Axes
  3674 | D:5      | Reached skill level 5 in Armour
  4030 | D:5      | Found a glowing silver altar of Zin.
  4125 | D:6      | Reached skill level 8 in Axes
  4125 | D:6      | Reached XP level 8. HP: 70/70 MP: 7/7
  4127 | D:6      | Reached skill level 5 in Dodging
  4668 | D:7      | Reached skill level 9 in Axes
  4669 | D:7      | Noticed Maggie
  4681 | D:7      | Killed Maggie
  4681 | D:7      | Reached **** piety under Trog
  4814 | D:7      | Reached XP level 9. HP: 79/79 MP: 8/8
  4975 | D:7      | Reached skill level 10 in Axes
  4996 | D:7      | Found a sparkling altar of Nemelex Xobeh.
  5097 | D:7      | Found a runed translucent door.
  5098 | D:7      | Noticed Chingon's ghost (novice MiFi)
  5691 | D:8      | Found Xukickif's Weapon Shoppe.
  5760 | D:8      | Found an ornate altar of the Wu Jian Council.
  5827 | D:8      | Found an ancient bone altar of Kikubaaqudgha.
  5839 | D:8      | Reached skill level 11 in Axes
  6149 | D:9      | Found a bloodstained altar of Trog.
  6478 | D:9      | Reached XP level 10. HP: 68/90 MP: 6/9
  6640 | D:9      | Reached ***** piety under Trog
  6774 | D:9      | Found Sihyt's Jewellery Emporium.
  6794 | D:9      | Found a staircase to the Lair.
  6878 | D:10     | Entered Level 10 of the Dungeon
  7055 | D:10     | Reached skill level 12 in Axes
  7173 | D:10     | Noticed a two-headed ogre
  7184 | D:10     | Killed a two-headed ogre
  7739 | D:10     | Noticed a boulder beetle
  7748 | D:10     | Killed a boulder beetle
  8208 | D:10     | Found an iron altar of Okawaru.
  8283 | Lair:1   | Entered Level 1 of the Lair of Beasts
  8337 | Lair:1   | Reached skill level 13 in Axes
  8659 | Lair:1   | Reached XP level 11. HP: 99/99 MP: 10/10
  8770 | Lair:1   | Reached skill level 10 in Fighting
  9512 | Lair:2   | You fall into a shaft and drop 2 floors!
  9633 | Lair:4   | Reached skill level 14 in Axes
  9633 | Lair:4   | Reached skill level 10 in Armour
  9765 | Lair:4   | Noticed a death yak
  9765 | Lair:4   | Noticed a death yak
  9817 | Lair:4   | Noticed a death yak
  9846 | Lair:4   | Noticed a death yak
  9846 | Lair:4   | Noticed a death yak
  9850 | Lair:4   | Killed a death yak
  9857 | Lair:4   | Killed a death yak
  9864 | Lair:4   | Killed a death yak
  9866 | Lair:4   | Killed a death yak
  9951 | Lair:3   | Noticed Kirke
  9970 | Lair:3   | Killed Kirke
  9979 | Lair:3   | Found a gate leading to a gauntlet.
  9988 | Gauntlet | Entered a Gauntlet
  9988 | Gauntlet | Noticed a tengu warrior
  9988 | Gauntlet | Found a transporter.
  9988 | Gauntlet | Found a transporter.
  9988 | Gauntlet | Found a transporter.
 10023 | Gauntlet | Found a transporter.
 10026 | Gauntlet | Found a transporter.
 10026 | Gauntlet | Found a transporter.
 10030 | Gauntlet | Noticed a sixfirhy
 10036 | Gauntlet | Found a transporter.
 10040 | Gauntlet | Found a transporter.
 10042 | Gauntlet | Found a large runed translucent door.
 10043 | Gauntlet | Found a large runed translucent door.
 10044 | Gauntlet | Found a large runed translucent door.
 10044 | Gauntlet | Found a large runed translucent door.
 10044 | Gauntlet | Found a runed translucent door.
 10044 | Gauntlet | Found a runed translucent door.
 10045 | Gauntlet | Found a large runed translucent door.
 10045 | Gauntlet | Found a large runed translucent door.
 10045 | Gauntlet | Found a large runed translucent door.
 10045 | Gauntlet | Found a large runed translucent door.
 10046 | Gauntlet | Found a large runed translucent door.
 10046 | Gauntlet | Found a large runed translucent door.
 10047 | Gauntlet | Found a large runed translucent door.
 10047 | Gauntlet | Found a large runed translucent door.
 10048 | Gauntlet | Found a runed translucent gate.
 10048 | Gauntlet | Found a runed translucent gate.
 10048 | Gauntlet | Found a runed translucent gate.
 10050 | Gauntlet | Found a transporter.
 10060 | Gauntlet | Found a large runed translucent door.
 10061 | Gauntlet | Found a large runed translucent door.
 10070 | Gauntlet | Found a large runed translucent door.
 10070 | Gauntlet | Found a large runed translucent door.
 10153 | Gauntlet | Found a transporter.
 10155 | Gauntlet | Found a transporter.
 10161 | Gauntlet | Noticed a catoblepas
 10167 | Gauntlet | Found a transporter.
 10245 | Gauntlet | Killed a tengu warrior
 10246 | Gauntlet | Reached skill level 15 in Axes
 10249 | Gauntlet | Reached XP level 12. HP: 110/110 MP: 9/11
 10326 | Gauntlet | Reached skill level 10 in Dodging
 10358 | Gauntlet | Killed a catoblepas
 10421 | Gauntlet | Identified the +0 hat of Ymmefoch {Regen+}
 10511 | Gauntlet | Noticed a minotaur
 10519 | Gauntlet | Killed a minotaur
 10685 | Lair:2   | Noticed a four-headed hydra
 10694 | Lair:2   | Killed a four-headed hydra
 10958 | Lair:2   | Noticed a boulder beetle
 10978 | Lair:2   | Killed a boulder beetle
 10979 | Lair:2   | Reached skill level 16 in Axes
 11473 | Lair:3   | Noticed a five-headed hydra
 11481 | Lair:3   | Killed a five-headed hydra
 11560 | Lair:3   | Noticed Josephine
 11595 | Lair:3   | Killed Josephine
 11775 | Lair:3   | Reached XP level 13. HP: 119/119 MP: 12/12
 11803 | Lair:3   | Found a staircase to the Snake Pit.
 12026 | Lair:3   | Received a gift from Trog
 12030 | Lair:3   | Reached skill level 17 in Axes
 12174 | Lair:3   | Found a staircase to the Shoals.
 12630 | Lair:4   | Noticed Nessos
 12659 | Lair:4   | Killed Nessos
 13255 | Lair:5   | Entered Level 5 of the Lair of Beasts
 13375 | Lair:5   | Reached skill level 18 in Axes
 13448 | Lair:5   | Noticed Snorg
 13454 | Lair:5   | Killed Snorg
 13454 | Lair:5   | Received a gift from Trog
 13499 | Lair:5   | Reached XP level 14. HP: 75/130 MP: 5/13
 13940 | Lair:5   | Received a gift from Trog
 14004 | Lair:5   | Found the +8 trident of the Octopus King {venom, rElec
                  | rPois}
 14073 | Lair:5   | Reached skill level 19 in Axes
 14252 | Lair:5   | Found a staircase to the Slime Pits.
 14750 | D:11     | Reached skill level 1 in Evocations
 14764 | D:11     | Found a staircase to the Orcish Mines.
 15063 | Orc:1    | Entered Level 1 of the Orcish Mines
 15092 | Orc:1    | Found Wafaywk's Mayhem Merchandise.
 15368 | Orc:2    | Entered Level 2 of the Orcish Mines
 15445 | Orc:2    | Found a staircase to the Elven Halls.
 15470 | Orc:1    | Reached ****** piety under Trog
 15737 | Orc:2    | Found Ronlur's Armour Shop.
 15737 | Orc:2    | Found Atreywa's General Store.
 15738 | Orc:2    | Found Ritoob's Antique Armour Shoppe.
 15738 | Orc:2    | Found Mapoylod's Distillery.
 15751 | Orc:2    | Received a gift from Trog
 15752 | Orc:2    | Found Fitzuu's Specific Store.
 15778 | Orc:2    | Found Qodeucs's General Store.
 15818 | Orc:2    | Paralysed by an ogre mage for 3 turns
 15825 | Orc:2    | Paralysed by an ogre mage for 4 turns
 15990 | Orc:2    | Bought the +0 kite shield of Egalitarianism {rPois Regen+}
                  | for 188 gold pieces
 15990 | Orc:2    | Bought a +2 cloak of willpower for 258 gold pieces
 16558 | D:12     | Noticed Lodul
 16565 | D:12     | Killed Lodul
 16566 | D:12     | Reached skill level 20 in Axes
 16576 | D:12     | Reached XP level 15. HP: 139/139 MP: 14/14
 16623 | D:12     | Found a snail-covered altar of Cheibriados.
 16623 | D:12     | Found Cheibriados's Comfort Zone.
 17037 | D:13     | Identified the +8 battleaxe of Undoing {antimagic, rF+
                  | Dex-2 SInv} (Trog gifted it to you on level 13 of the
                  | Dungeon)
 17037 | D:13     | Received a gift from Trog
 17045 | D:13     | Reached skill level 15 in Fighting
 17596 | D:14     | Noticed Azrael
 17617 | D:14     | Reached skill level 15 in Armour
 17622 | D:14     | Killed Azrael
 17955 | D:14     | Reached skill level 5 in Evocations
 18209 | D:14     | Found a gate to the Vaults.
 18744 | D:15     | Entered Level 15 of the Dungeon
 18744 | D:15     | Found Esud's General Store.
 18791 | D:15     | Found a frozen archway.
 18859 | IceCv    | Entered an ice cave
 18911 | IceCv    | Received a gift from Trog
 18989 | IceCv    | Found the +11 Singing Sword {sonic wave}
 19252 | IceCv    | HP: 7/143 [spriggan defender simulacrum (13)]
 19252 | IceCv    | Slain by a spriggan defender simulacrum

Illustrated notes

Levels and vault maps discovered:
D:1:      heliophobic_arrival_battle_scene, layout_basic,
          kennysheep_nondescript, amcnicky_mini_corridor_feature,
          hangedman_decor_clover_reticule, chequers_jeans
D:2:      wander_river, layout_loops_ring, basic_altar
D:3:      layout_basic, fedhas_ov_isle_minmay, gammafunk_ghost_cemetery,
          uniq_crazy_yiuf_cottage
D:4:      layout_loops_cross, slow_altar_2, minitemple,
          minmay_temple_entry_mini_moons, serial_shops, kennysheep_mini_moat,
          uniq_duvessa
D:5:      layout_rooms, lemuel_round_altar
D:6:      layout_gridville, grunt_decor_arrowhead
D:7:      layout_rooms, amcnicky_altar_gilded, gammafunk_ghost_grave,
          uniq_maggie
D:8:      layout_loops_ring, nicolae_wu_jian_immortal_techniques,
          lemuel_mausoleum_altar_kikubaaqudgha, serial_shops, shop_statue
D:9:      layout_cave_pools, general_overflow_altar, lair_entry_dummy,
          serial_shops, nicolae_shop_window_shopping
D:10:     layout_loops_ring, kennysheep_mini, minmay_statues_item,
          kennysheep_just_a_vault
D:11:     layout_big_octagon, orc_0_dummy, st_stairs_7, dk_vineyard_3, tgw_sif
D:12:     layout_roguey, minmay_shop_chei, lemuel_old_faithful, uniq_lodul
D:13:     layout_rooms, minmay_misc_feat_hallway
D:14:     layout_cave_pods, hangedman_vaults_entry_quadrant_bands,
          abandoned_shop, minmay_misc_feat_enclosed, uniq_azrael
D:15:     grunt_enter_depths_snipers, layout_irregular_city,
          portal_ice_cave_entry_ice_statue_two, serial_shops,
          nicolae_shop_hallway_stairs
Lair:1:   layout_regular_city
Lair:2:   layout_chaotic_city, infiniplex_staircase_pool_2,
          serial_bayou_shore_a, lemuel_fruit_fields, grunt_megastairs_1
Lair:3:   layout_long_grid, elwin_shoals_entry_rooms,
          nicolae_snake_entry_squirm, gauntlet_entry_generic,
          chequers_serial_rivers_large_a, uniq_josephine, uniq_kirke
Lair:4:   layout_cave_pods, kennysheep_basilisk_garden, serial_bayou_shore_b,
          grunt_megastairs_3, lemuel_fruit_tree, uniq_nessos
Lair:5:   gammafunk_lair_ancient_temple, layout_hall_layers,
          minmay_slime_entry_jelly_boxes, eino_house_with_fridge,
          infiniplex_staircase_pool, grunt_megastairs_5, uniq_snorg
Orc:1:    layout_caves, minmay_shop_mayhem
Orc:2:    st_orc_ogre_mass, layout_diamond_mine, nicolae_specific_store
IceCv:    ice_cave_caverns_02

Skill      XL: |  1  2  3  4  5  6  7  8  9 10 11 12 13 14 15 |
---------------+----------------------------------------------+-----
Axes           | 4 5 6 8 9 11 13 15 16 18 20 | 20.0
Fighting       | 4 5 6 7 8 9 11 12 13 14 15 | 15.8
Armour         | 3 4 5 6 8 9 10 12 13 14 15 | 15.6
Dodging        | 3 4 6 7 8 9 11 12 13 14 | 14.4
Evocations     | 3 6 |  6.0
Shields        | |  0.3

Action                     |  1- 3 |  4- 6 |  7- 9 | 10-12 | 13-15 || total
---------------------------+-------+-------+-------+-------+-------++-------
  Melee: Hand axe          |    78 |    80 |     8 |       |       ||   166
         Headbutt          |     7 |    16 |    50 |   109 |   152 ||   334
         War axe           |       |       |   239 |   459 |       ||   698
         Punch             |       |       |     4 |     7 |     1 ||    12
         Morningstar       |       |       |       |    26 |    30 ||    56
         Battleaxe         |       |       |       |       |   748 ||   748
  Throw: Javelin           |       |     1 |       |       |       ||     1
 Invoke: Berserk           |       |     5 |     4 |    10 |     5 ||    24
         Trog's Hand       |       |       |       |       |     3 ||     3
    Use: Scroll            |       |       |       |    28 |     8 ||    36
         Potion            |       |       |       |       |     1 ||     1
   Stab: Sleeping          |     2 |       |       |       |       ||     2
         Petrified         |       |       |       |       |     1 ||     1
 Armour: Animal skin       |    19 |       |       |       |       ||    19
         Scale mail        |    10 |    30 |    65 |       |       ||   105
         Swamp dragon scal |       |       |    46 |   242 |   303 ||   591
  Dodge: Dodged            |    40 |    51 |   253 |   382 |   578 ||  1304

Table legend: (Time is in decaauts)
 A = Elapsed time spent in this place.
 B = Non-inter-level travel time spent in this place.
 C = Inter-level travel time spent in this place.
 D = Time resting spent in this place.
 E = Time spent auto-exploring this place.
 F = Levels seen in this place.
 G = Mean time per level.
                   A        B        C        D        E       F      G
               +--------+--------+--------+--------+--------+-----+--------+
         Total |  19272 |  18505 |    767 |   1782 |  12336 |  24 |  803.0 |
       Dungeon |  11495 |  11045 |    450 |    674 |   8125 |  15 |  766.3 |
          Lair |   5615 |   5345 |    270 |    774 |   3216 |   5 | 1123.0 |
  Orcish Mines |   1208 |   1162 |     46 |     79 |    733 |   2 |  604.0 |
      Ice Cave |    373 |    373 |      0 |    122 |     94 |   1 |  373.0 |
      Gauntlet |    580 |    580 |      0 |    132 |    168 |   1 |  580.0 |
               +--------+--------+--------+--------+--------+-----+--------+

Top non-repeatable levels by time:
    D:10: 1372 daAuts
  Lair:4: 1328 daAuts
  Lair:1: 1225 daAuts
    D:14: 1174 daAuts
     D:3: 1153 daAuts
  Lair:5: 1100 daAuts
  Lair:3: 1084 daAuts
  Lair:2: 877 daAuts
     D:1: 845 daAuts
     D:8: 839 daAuts
     D:2: 766 daAuts
     D:9: 756 daAuts
     D:4: 728 daAuts
     D:7: 714 daAuts
   Orc:2: 703 daAuts
